 Dungeon Crawl Stone Soup version 0.27.1 (webtiles) character file.

Game seed: 2149164153115096922

11489 venom666 the Grappler (level 11, -10/84 HPs)
             Began as a Ghoul Gladiator on Aug 27, 2021.
             Was an Elder of Okawaru.
             Mangled by a phantasmal warrior (13 damage)
             ... led by a death knight
             ... on level 10 of the Dungeon.
             The game lasted 00:27:43 (13172 turns).

venom666 the Grappler (Ghoul Gladiator)            Turns: 13172, Time: 00:27:44

Health: -10/84     AC: 22    Str: 27    XL:     11   Next: 78%
Magic:  12/13      EV: 11    Int:  4    God:    Okawaru [****..]
Gold:   481        SH:  0    Dex: 14    Spells: 10/10 levels left

rFire    . . .     SeeInvis .     - Unarmed
rCold    + . .     Faith    +   (no shield)
rNeg     + + +     Spirit   .   B - +1 plate armour
rPois    ∞         Reflect  .   G - +2 hat {Will+}
rElec    .         Harm     .   v - +0 cloak
rCorr    .         Rampage  .   E - +0 pair of gloves
Will     ++...                  s - +0 pair of boots
Stlth    ..........             i - amulet of Gufikuc {Faith Will+ Dex+4}
HPRegen  0.00/turn              y - +6 ring of strength
MPRegen  0.13/turn              n - ring of flight

@: heroic, flying, inhibited regen, hasted, very quick
A: claws 1, cold resistance 1, negative energy resistance 3, inhibited
regeneration, torment resistance 2
a: Renounce Religion, Heroism


You were on level 10 of the Dungeon.
You worshipped Okawaru.
Okawaru was greatly pleased with you.
You visited 2 branches of the dungeon, and saw 12 of its levels.

You collected 481 gold pieces.

Inventory:

Missiles
 b - 7 datura-tipped darts
 h - 25 sling bullets
 o - 50 poisoned darts (quivered)
 u - 14 boomerangs
 H - 5 curare-tipped darts
Armour
 s - a +0 pair of boots (worn)
 v - a +0 cloak (worn)
 B - a +1 plate armour (worn)
 E - a +0 pair of gloves (worn)
 G - a +2 hat of willpower (worn)
Jewellery
 g - a ring of resist corrosion
 i - the amulet of Gufikuc (around neck) {Faith Will+ Dex+4}
   (You acquired it on level 10 of the Dungeon)

   [amulet of faith]

   It allows you to gain divine favour quickly.
   Dex:       It affects your dexterity (+4).
   Will:      It increases your willpower.
 n - a ring of flight (right hand)
 y - a +6 ring of strength (left hand)
Wands
 a - a wand of iceblast (16)
 c - a wand of polymorph (16)
Scrolls
 d - a scroll of immolation {unknown}
 j - 2 scrolls of noise
 k - a scroll of teleportation
 l - 3 scrolls of fog
 p - a scroll of amnesia {unknown}
 r - a scroll of enchant armour
 A - 2 scrolls of enchant weapon
Potions
 m - a potion of cancellation
 t - 4 potions of brilliance
 w - a potion of lignification
 x - a potion of haste
 z - 2 potions of ambrosia {unknown}
Miscellaneous
 C - a phantom mirror (inert)
 D - a tin of tremorstones (2/2)
 F - a box of beasts


   Skills:
 + Level 4.0(9.0) Fighting
 * Level 6.5(11.5) Throwing
 + Level 6.3(11.3) Armour
 + Level 3.6(8.6) Dodging
 - Level 1.1(6.1) Stealth
 * Level 14.2(19.2) Unarmed Combat
 * Level 4.9 Invocations
 * Level 4.2 Evocations


You had 10 spell levels left.
You didn't know any spells.
Your spell library contained the following spells:

 Spells                   Type           Power      Damage    Failure   Level
 Animate Skeleton         Necr           0%         N/A       99%         1
 Pain                     Necr           0%         1d4       99%         1
 Blink                    Tloc           N/A        N/A       100%        2
 Lesser Beckoning         Tloc           0%         N/A       100%        3
 Vampiric Draining        Necr           0%         2d6       100%        3
 Manifold Assault         Tloc           0%         N/A       100%        5
 Summon Hydra             Summ           0%         N/A       100%        7
 Sublimation of Blood     Necr           Unusable   N/A       N/A         2
 Wereblood                Tmut           Unusable   N/A       N/A         2

Dungeon Overview and Level Annotations

Branches:
Dungeon (11/15)            Temple (1/1) D:6            Lair (0/6) D:10
    Orc (0/2) D:11

Altars:
Fedhas
Gozag
Nemelex Xobeh
Okawaru
Uskayaw

Shops:
D:3 :

Annotations:
D:4 1 runed translucent door, Crazy Yiuf
D:8 3 runed translucent doors, RascalDebosk's ghost, novice DrBe
D:10 2 runed translucent doors, exclusion: orange crystal statue
D:11 Josephine


Innate Abilities, Weirdness & Mutations

You thrive by killing the living.
You are immune to poison.
You have sharp fingernails.
Your flesh is cold resistant. (rC+)
You are immune to negative energy. (rN+++)
You do not regenerate when monsters are visible.
You are immune to unholy pain and torment.


Message History

The death knight hits your death knight with a +0 battleaxe!
The death knight suffers a backlash!
You hit the death knight.
You punch the death knight, but do no damage.
The death knight is almost dead.
The death knight reflects your damage back at you!
The phantasmal warrior hits you but does no damage.
You barely miss the death knight.
The death knight is almost dead.
Your death knight shimmers and vanishes!
The death knight hits you but does no damage.
The phantasmal warrior hits you but does no damage.
You hit the death knight but do no damage.
Your punch misses the death knight.
The death knight is almost dead.
The death knight barely misses you.
You hit the death knight but do no damage.
You punch the death knight!
The death knight is almost dead.
The death knight reflects your damage back at you!
The death knight's dark mirror aura disappears.
The phantasmal warrior hits you!
You punch the death knight!
You kill the death knight!
Okawaru is honoured by your kill.
The phantasmal warrior hits you but does no damage.
You hit the phantasmal warrior but do no damage.
You barely miss the phantasmal warrior. The phantasmal warrior hits you!!
You completely miss the phantasmal warrior.
The phantasmal warrior hits you!
* * * LOW HITPOINT WARNING * * *
You punch the phantasmal warrior!
The phantasmal warrior is moderately damaged.
You pummel the phantasmal warrior!!
The phantasmal warrior is heavily damaged.
The phantasmal warrior hits you!!
* * * LOW HITPOINT WARNING * * *
It was a potion of haste.
You feel yourself speed up. The phantasmal warrior hits you!
You die...

........#..........#).#......####
........'..........##'#..P.......
###.....##....P.P.P..............
#......#....#............###'#'
#......#....#.....P............
#......#....#....P.....P.......
#......######..#...............
#.............).#.......W......
#.............@.#.......p......
##..###########W.###############
#...#.........#.................
#...#.........#.................
##..#.........'.................
#..########'##............W....
#......<...............<...>...
#.........##''######..#########
##.........#........#..#


You could see a phantasmal warrior.

Vanquished Creatures
  Gastronok (D:10)
  Erolcha (D:10)
  A death knight (D:10)
  A skeletal warrior (D:10)
  Sonja (D:10)
  A deep elf pyromancer (D:6)
  An ugly thing (D:10)
  A komodo dragon (D:10)
  Psyche (D:8)
  A troll (D:10)
  A hornet (D:8)
  A wraith (D:10)
  3 shadows
  Sigmund (D:4)
  A wyvern (D:11)
  A yak (D:10)
  2 steam dragons
  3 vampire mosquitoes (D:10)
  An acid dragon (D:8)
  A water moccasin (D:3)
  A black bear (D:4)
  A hornet zombie (D:6)
  5 orc warriors
  An ice beast (D:5)
  A necrophage (D:4)
  A sky beast (D:5)
  4 ogres
  4 centaurs
  2 kobold brigands
  4 bullfrogs
  2 scorpions
  A wyvern skeleton (D:7)
  7 wights
  2 howler monkeys
  5 crimson imps (D:9)
  A centaur zombie (D:7)
  A gnoll shaman (D:6)
  A hound (D:7)
  A bullfrog zombie (D:6)
  9 orc priests
  3 iguanas
  10 orc wizards
  A killer bee zombie (D:7)
  6 gnolls
  6 adders
  2 shadow imps (D:9)
  2 white imps (D:9)
  An adder skeleton (D:4)
  2 worms
  3 dart slugs (D:3)
  51 orcs
  4 endoplasms
  5 giant cockroaches
  3 goblins
  6 hobgoblins
  4 quokkas
  7 ball pythons
  5 bats
  6 frilled lizards
  A goblin zombie (D:5)
  17 kobolds
  5 rats
  A rat zombie (D:5)
230 creatures vanquished.

Vanquished Creatures (collateral kills)
  A hydra (D:11)
  A centaur zombie (D:11)
  A vampire mosquito (D:11)
3 creatures vanquished.

Vanquished Creatures (others)
  14 fungi (D:10)
  15 plants (D:10)
29 creatures vanquished.

Grand Total: 262 creatures vanquished

Notes
Turn   | Place    | Note
-------+----------+-------------------------------------------
     0 | D:1      | venom666 the Ghoul Gladiator began the quest for the Orb.
     0 | D:1      | Reached XP level 1. HP: 17/17 MP: 0/0
    38 | D:1      | Reached XP level 2. HP: 21/24 MP: 1/1
   379 | D:1      | Found a faded altar of an unknown god.
   656 | D:1      | Reached skill level 4 in Unarmed Combat
   707 | D:2      | Reached XP level 3. HP: 17/30 MP: 2/2
  1444 | D:2      | Reached XP level 4. HP: 30/37 MP: 3/3
  1812 | D:3      | Reached skill level 5 in Unarmed Combat
  1837 | D:3      | Found Wiggas's Book Shop.
  2329 | D:3      | Reached XP level 5. HP: 40/42 MP: 4/4
  2376 | D:4      | Noticed a water moccasin
  2381 | D:4      | Noticed a necrophage
  2391 | D:3      | Killed a water moccasin
  2392 | D:3      | Reached skill level 1 in Armour
  2716 | D:4      | Reached XP level 6. HP: 44/50 MP: 5/5
  2732 | D:4      | Killed a necrophage
  2733 | D:4      | Reached skill level 6 in Unarmed Combat
  3519 | D:4      | Reached XP level 7. HP: 42/56 MP: 6/6
  3669 | D:4      | Reached skill level 7 in Unarmed Combat
  3745 | D:4      | Noticed Sigmund
  4132 | D:4      | Killed Sigmund
  4426 | D:4      | Reached XP level 8. HP: 63/63 MP: 7/7
  4522 | D:4      | Found a runed translucent door.
  4523 | D:4      | Noticed Crazy Yiuf
  4558 | D:5      | Entered Level 5 of the Dungeon
  4584 | D:5      | Reached skill level 8 in Unarmed Combat
  5904 | D:6      | Reached skill level 1 in Stealth
  5904 | D:6      | Reached skill level 9 in Unarmed Combat
  5995 | D:6      | Noticed a deep elf pyromancer
  6004 | D:6      | Killed a deep elf pyromancer
  6005 | D:6      | Reached XP level 9. HP: 46/70 MP: 8/8
  6142 | D:6      | Found a staircase to the Ecumenical Temple.
  6150 | Temple   | Entered the Ecumenical Temple
  6162 | Temple   | Became a worshipper of Warmaster Okawaru
  6237 | D:6      | Reached skill level 10 in Unarmed Combat
  6429 | D:6      | Identified the +8 dagger "Janewnun" {holy, +Blink Will+
                  | Str+6 Int+2}
  7072 | D:7      | Reached skill level 1 in Invocations
  7136 | D:7      | Reached skill level 1 in Evocations
  7402 | D:7      | Reached skill level 11 in Unarmed Combat
  7461 | D:7      | Reached skill level 5 in Armour
  7466 | D:7      | Reached skill level 5 in Throwing
  7633 | D:7      | Reached * piety under Okawaru
  8156 | D:8      | Found a blossoming altar of Fedhas.
  8241 | D:8      | Noticed a hornet
  8258 | D:8      | Killed a hornet
  8259 | D:8      | Reached XP level 10. HP: 51/77 MP: 10/10
  8476 | D:8      | You are sucked into a shaft and drop 3 floors!
  8481 | D:11     | Noticed a brown ugly thing
  8491 | D:10     | Entered Level 10 of the Dungeon
  8990 | D:8      | Noticed Psyche
  9003 | D:8      | Killed Psyche
  9003 | D:8      | Reached ** piety under Okawaru
  9277 | D:8      | Found a runed translucent gate.
  9277 | D:8      | Found a runed translucent gate.
  9277 | D:8      | Found a runed translucent gate.
  9278 | D:8      | Noticed RascalDebosk's ghost (novice DrBe)
  9278 | D:8      | Noticed a kobold demonologist
  9311 | D:8      | Reached skill level 12 in Unarmed Combat
 10419 | D:10     | Noticed Sonja
 10437 | D:10     | Killed Sonja
 10511 | D:10     | Killed a brown ugly thing
 10604 | D:10     | Noticed Erolcha
 10651 | D:10     | Reached skill level 13 in Unarmed Combat
 10703 | D:10     | Found a runed translucent door.
 10709 | D:10     | Found the +10 tower shield of Ignorance {rN+ Int-4}
 10767 | D:10     | Reached XP level 11. HP: 57/82 MP: 12/12
 10785 | D:10     | Found a runed translucent door.
 10788 | D:10     | Noticed an orange crystal statue
 10811 | D:10     | Identified the +7 dagger "Umoblath" {vorpal, *Rage rPois
                  | rC+}
 10866 | D:10     | Killed Erolcha
 10866 | D:10     | Reached *** piety under Okawaru
 11093 | D:10     | Found a staircase to the Lair.
 11102 | D:10     | Identified a scroll of acquirement
 11103 | D:10     | Acquired the amulet of Gufikuc {Faith Will+ Dex+4}
 11249 | D:10     | Noticed Gastronok
 11265 | D:10     | Killed Gastronok
 11339 | D:10     | Received a gift from Okawaru
 11663 | D:11     | Noticed a seven-headed hydra
 11664 | D:11     | Reached skill level 14 in Unarmed Combat
 11670 | D:11     | Noticed a brown ugly thing
 11689 | D:10     | Received a gift from Okawaru
 12001 | D:11     | Noticed Josephine
 12001 | D:11     | Noticed a death knight
 12001 | D:11     | Noticed a skeletal warrior
 12001 | D:11     | Noticed a phantasmal warrior
 12301 | D:10     | Killed a skeletal warrior
 12716 | D:11     | Killed a seven-headed hydra
 12726 | D:11     | Reached **** piety under Okawaru
 12926 | D:11     | Noticed a rakshasa
 13166 | D:10     | Killed a death knight
 13171 | D:10     | HP: 3/84 [phantasmal warrior[a death knight] (21)]
 13172 | D:10     | Mangled by a phantasmal warrior

Illustrated notes

Levels and vault maps discovered:
D:1:      eino_arrival_water_star, layout_basic,
          shapermc_ecumenical_altar_ellora, chequers_mini_garden
D:2:      layout_loops_ring, minmay_close_crescents
D:3:      layout_loops_ring, serial_shops, nicolae_lakefront_shop
D:4:      layout_cave_pools, uniq_crazy_yiuf_cottage, uniq_sigmund
D:5:      layout_basic, gup_sewer_entry_glass, enter_ossuary_4
D:6:      layout_basic, minmay_temple_entry_grid, guppyfry_early_elven_hall
D:7:      layout_loops_ring
D:8:      layout_gridville, fedhas_bush_and_centaur_altar,
          gammafunk_ghost_nasty_kobolds, uniq_psyche
D:9:      layout_roguey, minmay_nine_imps
D:10:     layout_irregular_city, grunt_lair_entry_orc_guard_hut,
          chequers_guarded_unrand_ignorance, uniq_sonja, uniq_gastronok,
          uniq_erolcha
D:11:     minmay_bloctagon_deflated, layout_cross,
          kennysheep_orc_monster_closet_entryway, gammafunk_ghost_hydra_chop,
          serial_shops, shop, uniq_josephine
Temple:   regret_index_temple_sigil_plot

Skill      XL: |  1  2  3  4  5  6  7  8  9 10 11 |
---------------+----------------------------------+-----
Throwing       | 2 3 4 5 6 |  6.5
Unarmed Combat | 4 5 6 7 9 11 13 14 | 14.2
Dodging        | 3 |  3.6
Armour         | 1 2 3 4 5 6 |  6.3
Fighting       | 3 4 |  4.0
Stealth        | 1 |  1.1
Invocations    | 2 3 4 |  4.9
Evocations     | 1 3 4 |  4.2

Action                   |  1- 3 |  4- 6 |  7- 9 | 10-12 || total
-------------------------+-------+-------+-------+-------++-------
Melee: Unarmed           |   133 |   135 |   357 |   245 ||   870
       Punch             |       |     2 |    16 |    20 ||    38
Throw: Throwing net      |       |     1 |     2 |       ||     3
       Dart              |       |     2 |    21 |       ||    23
       Boomerang         |       |       |       |     3 ||     3
Invok: Heroism           |       |       |       |    26 ||    26
Evoke: Phantom mirror    |       |       |       |     1 ||     1
  Use: Scroll            |       |     3 |     4 |    13 ||    20
       Potion            |       |     1 |       |     5 ||     6
 Stab: Held in net/web   |       |       |     1 |       ||     1
Armor: Leather armour    |    14 |       |       |       ||    14
       Chain mail        |    38 |    73 |   162 |       ||   273
       Plate armour      |       |       |    37 |   131 ||   168
Dodge: Dodged            |    44 |    49 |   111 |    95 ||   299
